Map: Jagannatha LE

Players

Massa - Winner!

  • Race: Terran Terran
  • League: Platinum
  • Spawn Location: 7:00

Dobro

  • Race: Protoss Protoss
  • League: Platinum
  • Spawn Location: 1:00

VOD

Have the link to the VOD?

Description

Time

  • Played on: Feb. 26, 2021, 2:07 p.m.
  • Length: 14:52
Show
View Real Time Build Order
Export as new Build Order

Massa Terran - Winner!

Build Orders:  

Get SALT Encoding   

  12  0:00  SCV  
  13  0:12  SCV  
  14  0:20  Supply Depot  
  14  0:24  SCV  
  15  0:42  SCV  
  16  0:43  Barracks  
  16  0:47  Refinery  
  16  0:54  SCV  
  17  1:06  SCV  
  18  1:18  SCV  
  19  1:31  Orbital Command  
  19  1:49  Command Center  
  19  1:57  Barracks Reactor  
  19  1:59  SCV  
  20  2:07  Supply Depot  
  20  2:16  Factory  
  20  2:21  SCV  
  21  2:34  SCV  
  22  2:43  Marine  
  22  2:44  Marine  
  24  2:47  SCV  
  25  2:53  Refinery  
  25  2:59  SCV  
  26  3:09  Orbital Command  
  26  3:10  Marine  
  26  3:11  Marine  
  28  3:17  Hellion  
  29  3:24  Starport  
  29  3:32  Barracks Reactor  
  28  3:44  Hellion  
  28  3:45  SCV x2  
  32  3:54  Barracks  
  32  3:56  Barracks  
  32  3:57  SCV  
  32  3:58  SCV, Supply Depot  
  32  4:02  Barracks Reactor  
  34  4:03  Starport Tech Lab  
  34  4:06  Hellion  
  34  4:09  SCV  
  37  4:10  SCV  
  38  4:21  SCV  
  38  4:23  Banshee, Cloaking Field  
  41  4:33  SCV x2  
  45  4:38  Hellion, Marine  
  45  4:39  Marine  
  47  4:56  Marine x2  
  47  4:57  Barracks Reactor, Barracks Tech Lab  
  47  4:58  SCV  
  47  4:59  SCV  
  51  5:06  Hellion  
  53  5:10  SCV  
  54  5:19  Supply Depot  
  54  5:22  Supply Depot  
  54  5:23  Refinery  
  54  5:27  Engineering Bay  
  54  5:29  Stimpack, Supply Depot  
  54  5:37  Factory Tech Lab  
  54  5:39  Marine  
  54  5:40  SCV x2, Marine, Banshee  
  54  5:41  Marauder  
  59  5:52  SCV x2  
  60  5:57  Marine  
  60  5:58  Marine  
  60  6:14  SCV x2  
  55  6:24  Marauder, Marine x4  
  58  6:26  SCV x2  
  57  6:36  Siege Tank  
  57  6:39  Terran Infantry Weapons Level 1  
  60  6:41  Marine  
  60  6:42  Marine x3  
  60  6:45  Marauder  
  66  6:49  Medivac  
  66  6:51  Command Center  
  66  6:53  Refinery  
  68  6:59  Marine x3  
  68  7:00  Marine, Missile Turret, Supply Depot x2  
  72  7:01  Missile Turret  
  72  7:06  Marauder  
  74  7:08  Siege Tank  
  77  7:21  Marine  
  78  7:26  Supply Depot  
  78  7:29  Corvid Reactor, Supply Depot  
  78  7:31  Concussive Shells  
  78  7:41  Barracks x2, Marine  
  77  7:46  Marauder  
  77  7:47  Raven  
  71  8:19  SCV x2  
  73  8:26  Armory  
  73  8:30  Barracks Reactor, Medivac  
  73  8:31  SCV  
  73  8:32  Barracks Tech Lab, Command Center  
  73  8:33  Terran Infantry Armor Level 1, Combat Shield  
  76  8:34  Marauder, Marine x2  
  76  8:35  Marine x2  
  82  8:46  Siege Tank  
  85  8:52  Marine x2  
  87  8:56  Marauder  
  89  9:04  Marauder, Marine x2  
  93  9:10  Marine  
  94  9:25  Supply Depot  
  94  9:26  Supply Depot  
  94  9:27  Supply Depot  
  94  9:31  Marauder  
  94  9:43  Raven, Marine x4  
  94  9:44  Marauder, Siege Tank  
  105  9:48  Supply Depot  
  105  9:49  Supply Depot  
  105  9:51  Supply Depot  
  105  9:52  Marine  
  106  9:55  SCV x2  
  108  10:01  Marine x3  
  108  10:04  Missile Turret  
  111  10:07  SCV x2  
  111  10:12  Supply Depot  
  111  10:13  Supply Depot  
  113  10:15  Refinery, Supply Depot  
  113  10:16  Siege Tank  
  113  10:19  SCV x2  
  113  10:20  Refinery  
  92  10:54  Marauder x2, Marine x4  
  89  11:12  Marine x4  
  89  11:15  Marauder x2  
  97  11:19  Siege Tank  
  97  11:22  Medivac  
  102  11:29  Marine  
  102  11:30  Starport, Marine x3  
  102  11:31  Terran Vehicle Weapons Level 1  
  106  11:34  Starport, Barracks  
  106  11:36  Marauder  
  106  11:37  Marauder  
  106  11:38  Barracks  
  108  11:51  Siege Tank  
  108  11:52  Medivac  
  112  11:58  Marauder  
  114  12:16  Marauder, Marine x4  
  114  12:19  Marauder  
  114  12:22  Medivac  
  124  12:33  Marine  
  124  12:34  Marine x3  
  124  12:36  Siege Tank  
  131  12:37  Marauder  
  131  12:40  Marine  
  123  12:51  Marine  
  123  12:52  Marine  
  125  12:58  Marauder x2  
  125  13:05  Raven  
  121  13:08  Siege Tank  
  121  13:11  Marine  
  121  13:12  Marine x3  
  127  13:18  Barracks Tech Lab x2  
  127  13:19  Starport Tech Lab, Starport Reactor  
  120  13:20  Marauder x2, Planetary Fortress  
  120  13:22  SCV x2  
  114  13:29  Marine x2  
  117  13:34  SCV x2  
  117  13:36  Sensor Tower  
  120  13:41  Marauder  
  120  13:43  Sensor Tower  
  120  13:57  Command Center  
  120  14:02  Medivac x4  
Show
View Real Time Build Order
Export as new Build Order

Dobro Protoss 

Build Orders:  

Get SALT Encoding   

  12  0:02  Probe  
  14  0:14  Probe  
  14  0:19  Pylon  
  14  0:26  Probe  
  15  0:38  Probe  
  15  0:40  Gateway  
  16  0:50  Probe  
  16  0:51  Assimilator  
  17  1:02  Probe  
  18  1:06  Gateway  
  18  1:20  Probe  
  19  1:31  Cybernetics Core  
  20  1:32  Probe  
  20  1:34  Pylon  
  20  1:45  Pylon  
  20  1:58  Assimilator  
  20  2:04  Probe  
  21  2:09  Stalker  
  21  2:10  Stalker  
  25  2:16  Probe  
  25  2:22  Warp Gate  
  26  2:32  Probe  
  27  2:45  Nexus  
  27  2:50  Pylon  
  27  3:02  Robotics Facility  
  27  3:03  Probe  
  28  3:26  Stalker x2  
  32  3:27  Probe  
  32  3:31  Pylon  
  33  3:37  Shield Battery  
  33  3:40  Probe  
  34  4:01  Immortal  
  38  4:11  Gateway  
  38  4:15  Twilight Council  
  38  4:16  Probe x2  
  40  4:27  Stalker  
  40  4:28  Probe  
  40  4:29  Stalker  
  45  4:32  Probe  
  46  4:41  Observer  
  46  4:44  Probe x2  
  49  4:51  Forge  
  49  4:56  Probe x2  
  49  4:58  Blink (Chrono Boost)  
  51  5:01  Observer  
  51  5:13  Gateway  
  51  5:17  Probe  
  51  5:18  Probe, Pylon  
  53  5:21  Assimilator  
  53  5:31  Stalker x2  
  52  6:05  Observer (Chrono Boost)  
  50  6:16  Probe x2  
  49  6:19  Stalker x4  
  53  6:28  Probe x2  
  53  6:31  Immortal  
  57  6:40  Probe x2  
  59  6:48  Nexus  
  59  6:50  Photon Cannon, Pylon  
  59  6:54  Pylon  
  59  6:55  Pylon  
  59  6:56  Probe  
  59  6:58  Probe  
  61  7:01  Observer  
  45  8:17  Stalker  
  45  8:18  Protoss Ground Armor Level 1 (Chrono Boost), Stalker x3  
  45  8:19  Charge  
  49  8:24  Immortal  
  49  8:26  Observer  
  53  8:27  Probe x2  
  55  8:35  Photon Cannon  
  55  8:36  Probe  
  55  8:39  Probe x2  
  58  8:42  Stalker x2  
  58  8:43  Observer  
  58  8:44  Stalker x2  
  66  8:48  Probe  
  66  8:51  Probe x2  
  69  9:00  Probe  
  70  9:03  Probe  
  71  9:14  Stalker  
  71  9:15  Stalker x3  
  79  9:40  Robotics Bay  
  79  9:43  Observer  
  79  9:45  Photon Cannon  
  79  9:47  Probe x2  
  79  9:48  Probe  
  82  9:56  Robotics Facility  
  82  9:59  Probe x2  
  84  10:00  Probe  
  84  10:02  Photon Cannon  
  84  10:04  Photon Cannon  
  84  10:05  Shield Battery  
  85  10:13  Zealot x2  
  89  10:14  Zealot  
  89  10:17  Zealot  
  73  10:35  Zealot  
  61  10:47  Stalker  
  51  11:00  Zealot  
  47  11:12  Stalker  
  47  11:20  Observer  
  47  11:21  Probe x3, Pylon  
  47  11:24  Stalker  
  52  11:33  Probe x2  
  52  11:34  Probe  
  53  11:45  Probe  
  53  11:47  Zealot  
  53  11:49  Colossus (Chrono Boost)  
  53  11:51  Colossus (Chrono Boost)  
  65  11:57  Zealot x3  
  71  12:10  Pylon  
  71  12:13  Extended Thermal Lance (Chrono Boost)  
  71  12:15  Protoss Ground Weapons Level 1 (Chrono Boost)  
  71  12:21  Zealot x3  
  74  12:41  Zealot  
  74  12:42  Zealot x2  
  44  13:06  Zealot x3  
  36  13:27  Zealot x3  
  36  13:28  Colossus  
  48  13:35  Gateway  
  48  13:38  Gateway  
  48  13:40  Gateway  
  48  13:43  Gateway  
  48  13:45  Probe x2  
  48  13:46  Gateway  
  50  13:56  Assimilator  
  50  13:57  Probe x2, Zealot x3  
  50  13:59  Assimilator  
  58  14:09  Probe x2  
  60  14:18  Pylon  
  60  14:19  Pylon  
  54  14:32  Zealot  
  54  14:33  Zealot x4  
Tags
 
Add a new tag
Caveats
  • Supply blocks, unpowered buildings, or Contaminate may cause inaccurate times.
  • Supply counts are checked every 10 seconds.